 Dungeon Crawl Stone Soup version bcrawl-1.37.2 (webtiles) character file.

Game seed: 3123788900756456196

191113 Mehrunes the Destroyer (level 6, 0/32 HPs)
             Began as an Avariel Conjurer on Oct 24, 2022.
             Killed by divine providence
             ... invoked by an orc priest
              (11 damage)
             ... on level 4 of the Dungeon.
             The game lasted 00:07:39 (3261 turns).

Mehrunes the Destroyer (Avariel Conjurer)           Turns: 3261, Time: 00:07:39

Health: 0/32       AC:  4    Str:  8    XL:     6   Next: 90%
Magic:  10/13      EV: 12    Int: 21    God:
Gold:   262        SH:  0    Dex: 13    Spells: 6/12 levels left

rFire    . . .     GDR:     25% r - +0 dagger (curse)
rCold    . . .     SeeInvis .   (no shield)
rNeg     . . .     Gourm    .   a - +0 robe
rPois    .         Faith    .   (no helmet)
rElec    .         Spirit   .   f - +0 cloak
rCorr    .         Reflect  .   b - +0 pair of gloves
MR       .....                  (no boots)
Stlth    ++........             (no amulet)
HPRegen  0.15/turn              (no ring)
MPRegen  0.13/turn              (no ring)

@: no status effects
A: no striking features
a: no special abilities


You were on level 4 of the Dungeon.
You were hungry.

You visited 1 branch of the dungeon, and saw 4 of its levels.

You collected 262 gold pieces.

Inventory:

Hand Weapons
 n - a +0 mace
 o - a +0 spear
 r - a cursed +0 dagger (weapon)
Armour
 a - a +0 robe (worn)
 b - a +0 pair of gloves (worn)
 f - a +0 cloak (worn)
Wands
 t - a wand of charming (3)
Scrolls
 k - 2 scrolls of enchant weapon
 m - a scroll of teleportation
 q - a scroll of fear {unknown}
Potions
 g - a potion of brilliance {unknown}
 h - a potion of curing
 j - a potion of haste {unknown}
 l - a potion of degeneration {unknown}
 p - a potion of heal wounds {unknown}
 s - a potion of might {unknown}
Comestibles
 e - 6 rations {!d}


   Skills:
 - Level 2.1 Dodging
 - Level 2.1 Stealth
 + Level 3.9 Spellcasting
 - Level 10.0 Conjurations


You had 6 spell levels left.
You knew the following spells:

 Your Spells              Type           Power        Failure   Level  Hunger
a - Magic Dart            Conj           ####         1%          1    None
b - Searing Ray           Conj           #####...     1%          2    None
c - Iskenderun's Mystic   Conj           #####...     1%          3    ###....

Your spell library contained the following spells:

 Spells                   Type           Power        Failure   Level  Hunger
 Fulminant Prism          Conj/Hex       ####......   16%         4    #####..
 Irradiate                Conj/Tmut      ####......   41%         5    ######.


Dungeon Overview and Level Annotations

Branches:
Dungeon (4/12)
 Temple: D:4-7

Altars:

Annotations:
D:3 Grinder


Message History

* * * LOW HITPOINT WARNING * * *
You feel better. Magic courses through your body.
The orc priest mumbles some strange prayers to Beogh against you.
You struggle to resist.
Casting: Magic Dart (safe; 1% risk of failure)
Confirm with . or Enter, or press ? or * to list all spells.
Aiming: Searing Ray (safe; 1% risk of failure)
Press: ? - help, Shift-Dir - straight line, f/p - orc priest
Aim: an orc priest, wielding a +0 mace and wearing a +0 ring mail (lightly wounded)
The searing ray hits the orc priest.
The orc priest is moderately wounded. (Press . to maintain the ray.)
The searing ray hits the orc priest.
The orc priest is heavily wounded.
The searing ray hits the orc priest.
The orc priest is almost dead.
The orc priest mumbles some strange prayers to Beogh against you.
Beogh smites you!
You die...

.... .#
... .#
... .#
.. .#
#.#!#
...###
#....#
#@# #o#
#)# #)#
#)## #
#..# .#
##.###.#
#......#
#......#


You could see an orc priest.

Vanquished Creatures
  A sky beast (D:4)
  An ogre (D:4)
  A scorpion (D:4)
  Ijyb (D:3)
  3 adders
  2 oozes
  3 worms
  6 dart slugs
  3 leopard geckos (D:1)
  9 orcs
  7 goblins
  15 hobgoblins
  11 jackals
  3 quokkas (D:2)
  A ball python (D:3)
  6 bats
  7 frilled lizards
  3 kobolds
  8 rats
91 creatures vanquished.

Notes
Turn   | Place    | Note
-------+----------+-------------------------------------------
     0 | D:1      | Mehrunes the Avariel Conjurer began the quest for the Orb.
     0 | D:1      | Reached XP level 1. HP: 10/10 MP: 6/6
   181 | D:1      | Reached XP level 2. HP: 15/15 MP: 2/7
   183 | D:1      | Reached skill level 6 in Conjurations
   432 | D:1      | Learned a level 2 spell: Searing Ray
   474 | D:1      | Reached XP level 3. HP: 19/19 MP: 2/9
   508 | D:1      | Learned a level 3 spell: Iskenderun's Mystic Blast
   853 | D:1      | Reached skill level 7 in Conjurations
  1399 | D:2      | Reached XP level 4. HP: 24/24 MP: 8/10
  2602 | D:3      | Reached skill level 8 in Conjurations
  2740 | D:3      | Reached XP level 5. HP: 28/28 MP: 7/11
  2842 | D:3      | Noticed Ijyb
  2853 | D:3      | Noticed Grinder
  2882 | D:3      | Killed Ijyb
  2938 | D:3      | Paralysed by Grinder for 3 turns
  3061 | D:4      | Noticed a sky beast
  3080 | D:4      | Killed a sky beast
  3081 | D:4      | Reached skill level 9 in Conjurations
  3081 | D:4      | Reached XP level 6. HP: 32/32 MP: 4/12
  3244 | D:4      | Reached skill level 10 in Conjurations
  3261 | D:4      | Killed from afar by an orc priest

Skill      XL: |  1  2  3  4  5  6 |
---------------+-------------------+-----
Conjurations   | 6 7 8 9 10 | 10.0
Spellcasting   | 3 |  3.9
Dodging        | |  2.1
Stealth        | |  2.1

Action                   |  1- 3 |  4- 6 || total
-------------------------+-------+-------++-------
Melee: Unarmed           |     3 |       ||     3
       Dagger            |       |     4 ||     4
 Cast: Magic Dart        |    79 |    83 ||   162
       Iskenderun's Myst |     1 |     4 ||     5
       Searing Ray       |       |     5 ||     5
  Use: Scroll            |       |     3 ||     3
       Potion            |       |     3 ||     3
  Eat: Chunk             |     3 |     7 ||    10
Armor: Robe              |     4 |     6 ||    10
Dodge: Dodged            |     8 |    12 ||    20
